 Dungeon Crawl Stone Soup version 0.17.0-28-g6e173f8 (webtiles) character file.

142 Shizoidos the Sneak (level 5, -7/39 HPs)
             Began as a Vampire Assassin on Nov 23, 2015.
             Killed by nerve-wracking pain
             ... invoked by Grinder
              (8 damage)
             ... on level 3 of the Dungeon.
             The game lasted 00:14:35 (3266 turns).

Shizoidos the Sneak (Vampire Assassin)              Turns: 3266, Time: 00:14:35

Health: -7/39      AC:  4    Str: 10    XL:     5   Next: 3%
Magic:  5/5        EV: 17    Int: 14    God:
Gold:   99         SH:  0    Dex: 16    Spells: 0 memorised, 4 levels left

rFire  . . .     SeeInvis +     a - +2 dagger
rCold  . . .     Clarity  .     p - +0 leather armour
rNeg   + . .     SustAt   .     (no shield)
rPois  .         Gourm    .     (no helmet)
rElec  .         Spirit   .     d - +0 cloak
rCorr  .         Warding  .     (no gloves)
rMut   .         Stasis   .     (no boots)
MR     .....                    r - amulet of rage
Stlth  ++++......               (no ring)
                                k - +5 ring of evasion

@: not resistant to hostile enchantments, stealthy
A: fangs 3, see invisible, unbreathing
a: Bat Form, Evoke Berserk Rage


You were on level 3 of the Dungeon.
You were not thirsty.

You visited 1 branch of the dungeon, and saw 3 of its levels.

You collected 99 gold pieces.

Inventory:

Hand Weapons
 a - a +2 dagger (weapon)
 b - a +0 blowgun
Missiles
 e - 8 poisoned needles
 f - 2 curare-tipped needles
Armour
 c - a +0 robe
 d - a +0 cloak (worn)
 n - a +0 chain mail
 p - a +0 leather armour (worn)
Jewellery
 k - a +5 ring of evasion (left hand)
 r - an amulet of rage (around neck)
Wands
 g - a wand of polymorph (9)
 m - a wand of digging (18)
Scrolls
 h - a scroll of identify
 j - a scroll of magic mapping
 l - 3 scrolls of amnesia
 q - a scroll of fear
Potions
 i - a potion of haste
 o - 3 potions of curing
 s - a potion of lignification {unknown}


   Skills:
 + Level 2.3 Fighting
 + Level 2.9 Short Blades
 + Level 1.9 Throwing
 + Level 0.1 Armour
 + Level 2.3 Dodging
 + Level 7.9 Stealth


You had 4 spell levels left.
You didn't know any spells.

Dungeon Overview and Level Annotations

Branches:
Dungeon (3/15)

Altars:
Nemelex Xobeh

Annotations:
D:3 Grinder


Innate Abilities, Weirdness & Mutations

You have razor-sharp teeth.
You have supernaturally acute eyesight.
You can survive without breathing.


Message History

Grinder blinks!
You see here a giant newt corpse.
You see here an adder corpse.
Drink blood from an adder corpse? (ye/n/q/i?) This blood tastes delicious!
You feel quite a bit less thirsty.
You continue drinking.
You finish drinking.
Grinder gestures at you.
You suddenly lose the ability to move!
Grinder gestures at you. Pain shoots through your body!
* * * LOW HITPOINT WARNING * * *
Grinder gestures at you. You resist with significant effort.
You can move again.
Grinder gestures.
Grinder blinks!
Grinder gestures at you. Pain shoots through your body!
You die...

#
#################
...........5†...#
###############.#
## #.# .## #.#
###### ..##
###§###....# ...#
#...@##.##.#####
...#
#....##.##.#)..#
...#
#....##.##.#.#.#
..##
#....##.##.#.#.#
.##
#.....#.##†#)#.###
##
#####5...........#
#...#.##.#†#.#
##.##.#..#.#.#
...##.#.##.#.#


You could see Grinder.

Vanquished Creatures
  Ijyb (D:2)
  5 adders
  An ooze (D:1)
  3 worms (D:2)
  2 giant geckos (D:2)
  A ball python (D:2)
  6 bats
  A giant cockroach (D:2)
  6 goblins
  4 hobgoblins
  3 giant newts
  6 kobolds
  23 rats
62 creatures vanquished.

Notes
Turn   | Place    | Note
--------------------------------------------------------------
     0 | D:1      | Shizoidos the Vampire Assassin began the quest for the Orb.
     0 | D:1      | Reached XP level 1. HP: 16/16 MP: 1/1
    75 | D:1      | Reached skill level 6 in Stealth
   133 | D:1      | Reached XP level 2. HP: 16/22 MP: 2/2
   312 | D:1      | You fall through a shaft!
   381 | D:2      | Reached XP level 3. HP: 13/27 MP: 3/3
   394 | D:2      | HP: 1/27 [poisoned by an adder]
   852 | D:2      | HP: 1/27 [giant gecko (3)]
   854 | D:2      | Reached skill level 7 in Stealth
  2110 | D:1      | Reached XP level 4. HP: 31/33 MP: 4/4
  2547 | D:2      | Noticed Ijyb
  2551 | D:2      | Killed Ijyb
  3178 | D:3      | Reached XP level 5. HP: 37/39 MP: 5/5
  3198 | D:3      | Found a sparkling altar of Nemelex Xobeh.
  3199 | D:3      | Noticed Grinder
  3218 | D:3      | Paralysed by Grinder for 4 turns
  3226 | D:3      | Paralysed by Grinder for 7 turns
  3231 | D:3      | HP: 1/39 [Grinder (7)]
  3258 | D:3      | Paralysed by Grinder for 7 turns
  3261 | D:3      | HP: 1/39 [Grinder/nerve-wracking pain (4)]
  3266 | D:3      | Killed from afar by Grinder

Action                   |  1- 3 |  4- 6 || total
-------------------------+-------+-------++-------
Melee: Dagger            |   134 |    77 ||   211
  Use: Scroll            |     5 |     4 ||     9
       Potion            |       |     3 ||     3
 Stab: Sleeping          |    17 |     8 ||    25
       Distracted        |       |     1 ||     1
  Eat: Corpse            |       |     5 ||     5
